 Dungeon Crawl Stone Soup version 0.28.0-53-g5a82cb258f (webtiles) character file.

Game seed: 5315263709161810774

327 drinkteas the Cudgeller (level 6, -3/70 HPs)
             Began as a Demonspawn Fighter on June 25, 2022.
             Slain by an ogre
             ... wielding a +0 giant spiked club
              (14 damage)
             ... on level 5 of the Dungeon.
             The game lasted 00:39:14 (4301 turns).

drinkteas the Cudgeller (Demonspawn Fighter)        Turns: 4301, Time: 00:39:15

Health: -3/70      AC: 23    Str: 19    XL:     6   Next: 24%
Magic:  6/6        EV:  2    Int:  9    God:
Gold:   113        SH:  4    Dex: 12    Spells: 5/5 levels left

rFire   . . .      SeeInvis .   a - +0 flail
rCold   . . .      Faith    .   c - +0 buckler
rNeg    . . .      Spirit   .   (armour currently unavailable)
rPois   +          Reflect  .   (helmet currently unavailable)
rElec   .          Harm     .   (cloak currently unavailable)
rCorr   +          Rampage  .   (gloves currently unavailable)
Will    .....      NoTele   +   (boots currently unavailable)
Stlth   ++........              (no amulet)
HPRegen 0.21/turn               n - ring of resist corrosion
MPRegen 0.10/turn               (no ring)

@: tree-form
A: stationary, stasis, torment immunity, boosted hp, powered by death 1
a: no special abilities


You were on level 5 of the Dungeon.
You were a tree.
You visited 1 branch of the dungeon, and saw 5 of its levels.

You collected 113 gold pieces.

Inventory:

Hand Weapons
 a - a +0 flail (weapon)
 d - a +3 trident
 s - a +1 spear of flaming
 E - a +4 dagger of venom
 F - a +0 spear
 G - a +0 war axe
 K - a +2 vampiric dagger
Missiles
 m - 114 arrows
 H - 6 curare-tipped darts (quivered)
Armour
 b - a +0 scale mail (melded)
 c - a +0 buckler (worn)
 x - a +0 helmet (melded)
 y - a scarf of shadows
Jewellery
 n - a ring of resist corrosion (left branch)
Scrolls
 w - a scroll of holy word
Potions
 i - 4 potions of flight
Miscellaneous
 I - a condenser vane (inert)


   Skills:
 + Level 3.6 Fighting
 + Level 4.1 Maces & Flails
 + Level 3.9 Armour
 + Level 0.9 Dodging
 + Level 1.0 Stealth
 + Level 3.3 Shields
 + Level 0.1 Evocations


You had 5 spell levels left.
You didn't know any spells.
Your spell library contained the following spells:

 Spells                   Type           Power      Damage    Failure   Level
 Summon Small Mammal      Summ           0%         N/A       47%         1
 Call Canine Familiar     Summ           0%         N/A       85%         3
 Frozen Ramparts          Ice            0%         1d2       85%         3
 Summon Guardian Golem    Hex/Summ       0%         N/A       85%         3
 Ice Form                 Ice/Tmut       0%         N/A       99%         4
 Summon Ice Beast         Ice/Summ       0%         N/A       99%         4


Dungeon Overview and Level Annotations

Branches:
Dungeon (5/15)
 Temple: D:4-7

Altars:

Shops:
D:1 :


Innate Abilities, Weirdness & Mutations

You are a tree.
Your roots penetrate the ground, keeping you stationary.
You cannot be teleported.
You are immune to unholy pain and torment.
Your maximum health is greatly increased.
Your equipment is partially melded.
You regenerate a little health from kills.


Message History

The orc warrior barely misses you.
You sock the orc warrior!
The orc warrior is moderately wounded.
The orc warrior hits you with a +0 long sword!
You barely miss the orc warrior.
The orc warrior is moderately wounded.
You block the orc warrior's attack.
You barely miss the orc warrior.
The orc warrior is moderately wounded.
The orc warrior hits you with a +0 long sword!
* * * LOW HITPOINT WARNING * * *
You feel better.
The orc warrior hits you with a +0 long sword!
* * * LOW HITPOINT WARNING * * *
As you read the scroll of fear, it crumbles to dust.
You assume a fearsome visage.
The orc warrior looks frightened!
e - a sedimented blue potion You see here a hobgoblin skeleton.
There are no objects that can be picked up here. a hobgoblin skeleton
There is an open door here.
There is a stone staircase leading down here.
You start resting.
An ogre is nearby!
The ogre shouts!
The ogre hits you with a +0 giant spiked club.
The ogre hits you with a +0 giant spiked club!
* * * LOW HITPOINT WARNING * * *
The ogre misses you.
The orc warrior shouts!
The ogre hits you but does no damage.
There is a stone staircase leading down here.
You climb downwards.
There is a stone staircase leading up here.
It was a potion of lignification.
You turn into a tree.
Your +0 helmet melds into your body.
Your +0 scale mail melds into your body.
Your roots penetrate the ground.
The ogre hits you with a +0 giant spiked club!
You die...

...#
..#
..#
..#
#.#
#.#
#O#
#♣#
###


You could see an ogre.

Vanquished Creatures
  5 orc wizards (D:4)
  6 gnolls (D:3)
  5 adders
  An adder skeleton (D:2)
  3 worms
  2 dart slugs
  10 orcs
  5 ball pythons
  3 endoplasms (D:1)
  4 giant cockroaches
  4 goblins
  8 hobgoblins
  5 jackals
  5 kobolds
  2 quokkas (D:4)
  4 bats
  6 frilled lizards
  3 rats
81 creatures vanquished.

Notes
Turn   | Place    | Note
-------+----------+-------------------------------------------
     0 | D:1      | drinkteas the Demonspawn Fighter began the quest for the
                  | Orb.
     0 | D:1      | Reached XP level 1. HP: 18/18 MP: 1/1
    54 | D:1      | Found Ruxug's Book Shop.
   144 | D:1      | Found a faded altar of an unknown god.
   412 | D:1      | Gained mutation: You regenerate a little health from kills.
                  | [demonic ancestry]
   412 | D:1      | Reached XP level 2. HP: 24/24 MP: 2/2
   483 | D:1      | Reached skill level 2 in Maces & Flails
  1218 | D:2      | Reached XP level 3. HP: 29/29 MP: 3/3
  1931 | D:3      | Reached XP level 4. HP: 32/35 MP: 4/4
  1946 | D:3      | Reached skill level 3 in Maces & Flails
  2566 | D:3      | Reached XP level 5. HP: 41/41 MP: 5/5
  3588 | D:4      | Reached skill level 4 in Maces & Flails
  3601 | D:4      | Reached skill level 1 in Stealth
  3614 | D:4      | Reached XP level 6. HP: 21/47 MP: 6/6
  3917 | D:4      | Noticed an orc warrior
  4300 | D:5      | Entered Level 5 of the Dungeon
  4301 | D:5      | Slain by an ogre

Illustrated notes

Levels and vault maps discovered:
D:1:      roderic_octagonal_star, layout_basic, ebering_ecumenical_altar_webs,
          serial_shops, nicolae_shop_advertising_works
          [nicolae_subvault_shop_adworks]
D:2:      layout_rooms, amcnicky_mini_rare_corridor_liquid,
          minmay_strange_pillars, dk_noncrumbling_2,
          chequers_serial_rivers_micro_e
D:3:      layout_basic, chequers_serial_rivers_large_a, minivault_27,
          minmay_checkerbox
D:4:      layout_basic, small_statue_alley_b
D:5:      layout_basic, serial_shops, shop_coins

Skill      XL: |  1  2  3  4  5 |
---------------+----------------+-----
Maces & Flails | 2 3 4 |  4.1
Armour         | 3 |  3.9
Shields        | 3 |  3.3
Stealth        | 1 |  1.0
Fighting       | |  3.6
Dodging        | |  0.9
Evocations     | |  0.1

Action                   |  1- 3 |  4- 6 || total
-------------------------+-------+-------++-------
Melee: Flail             |   109 |   186 ||   295
Evoke: Condenser vane    |       |     1 ||     1
  Use: Scroll            |     3 |     9 ||    12
       Potion            |     3 |     5 ||     8
Armor: Scale mail        |    56 |    76 ||   132
Dodge: Dodged            |    56 |    67 ||   123
Block: Buckler           |    25 |    33 ||    58
